 Dungeon Crawl Stone Soup version 0.19-a0-1886-gd64a0f0 (webtiles) character file.

5898 Flanowski the Sharpshooter (level 10, -6/73 HPs)
             Began as a Centaur Hunter on Oct 15, 2016.
             Was an Elder of Okawaru.
             Shot with an arrow by a centaur (9 damage)
             ... on level 9 of the Dungeon.
             The game lasted 00:22:30 (11029 turns).

Flanowski the Sharpshooter (Centaur Hunter)        Turns: 11029, Time: 00:22:30

Health: -6/73      AC: 10    Str: 18    XL:     10   Next: 53%
Magic:  10/10      EV:  9    Int: 10    God:    Okawaru [****..]
Gold:   520        SH:  0    Dex: 10    Spells: 0 memorised, 9 levels left

rFire  + . .     SeeInvis .     x - +2 flail (crush)
rCold  . . .     Gourm    .     c - +2 leather armour
rNeg   . . .     Faith    .     (no shield)
rPois  .         Spirit   .     (no helmet)
rElec  .         Dismiss  .     I - +0 cloak
rCorr  .         Reflect  .     v - +2 pair of gloves
MR     .....     Harm     .     (no barding)
Stlth  +.........               (no amulet)
                                (no ring)
                                H - ring of protection from fire

@: very quick
A: hooves 3, deformed body, speed 2, tough skin 3
a: Heroism, Renounce Religion


You were on level 9 of the Dungeon.
You worshipped Okawaru.
Okawaru was greatly pleased with you.
You were very hungry.

You visited 2 branches of the dungeon, and saw 12 of its levels.

You collected 520 gold pieces.

Inventory:

Hand Weapons
 a - a +3 hand crossbow
 x - a +2 flail of crushing (weapon)
Missiles
 d - 50 bolts
 e - 16 javelins (quivered)
Armour
 c - a +2 leather armour (worn)
 v - a +2 pair of gloves (worn)
 I - a +0 cloak (worn)
Jewellery
 s - an uncursed amulet of harm {unknown}
 y - an uncursed ring of fire
 H - a ring of protection from fire (left hand)
 M - an uncursed amulet of magic regeneration {unknown}
 O - an uncursed amulet of regeneration {unknown}
Wands
 g - a wand of flame (18/48)
 C - a wand of confusion (25/48)
Scrolls
 h - a scroll of noise
 q - 3 scrolls of random uselessness
 t - 2 scrolls of fog
 u - 5 scrolls of identify
 E - a scroll of remove curse
Potions
 k - 2 potions of resistance {unknown}
 o - 2 potions of magic {unknown}
 p - 4 potions of lignification {unknown}
 r - a potion of haste {unknown}
 A - a potion of degeneration {unknown}
 B - a potion of invisibility {unknown}
 D - 5 potions of agility {unknown}
 G - a potion of cure mutation {unknown}
 J - a potion of brilliance {unknown}
 K - a potion of cancellation {unknown}
 Q - a potion of flight {unknown}
Books
 L - a book of Changes

   Spells                             Type                      Level
   a - Beastly Appendage              Transmutation                1
   b - Sticks to Snakes               Transmutation                2
   c - Spider Form                    Transmutation/Poison         3
   d - Ice Form                       Ice/Transmutation            4
   e - Blade Hands                    Transmutation                5
Comestibles
 b - 2 fruits
 f - 5 bread rations
 j - 10 meat rations
 l - 3 slices of pizza
 F - 2 beef jerkies


   Skills:
 - Level 2.0 Fighting
 + Level 16.6 Crossbows
 - Level 1.3 Dodging
 - Level 0.4 Stealth


You had 9 spell levels left.
You didn't know any spells.

Dungeon Overview and Level Annotations

Branches:
Dungeon (11/15)            Temple (1/1) D:4
   Lair: D:8-11         Orc: D:9-12

Altars:
Ashenzari
Cheibriados
Dithmenos
Fedhas
Gozag
Hepliaklqana
Kikubaaqudgha
Makhleb
Nemelex Xobeh
Okawaru
Qazlal
Sif Muna
Trog
Uskayaw
Vehumet
Xom
Yredelemnul
The Shining One

Annotations:
D:11 Fannar


Innate Abilities, Weirdness & Mutations

You have hooves in place of feet.
Armour fits poorly on your strangely shaped body.
You cover ground very quickly.
You have extremely tough skin. (AC +3)


Message History

You feel better.
The centaur wields a shortbow.
The centaur shoots an arrow.
The arrow hits you.
An orc wizard and a shadow imp come into view.
The orc wizard shouts!
The centaur shoots an arrow.
The arrow hits you but does no damage.
You see here an arrow.
The centaur shoots an arrow.
The arrow hits you!
* * * LOW HITPOINT WARNING * * *
You see here an arrow.
The centaur shoots an arrow.
The arrow hits you!
* * * LOW HITPOINT WARNING * * *
You see here an arrow.
The centaur shoots an arrow.
The arrow hits you!
* * * LOW HITPOINT WARNING * * *
Found an encrusted silver wand.
g - a wand of flame Evoke which item? (* to show all) (? for menu, Esc to quit)
Okay, then.
The centaur shoots an arrow.
The arrow hits you!
You die...

.............
#..c.......
#..>.......
#..(.......
#..........
#..(.......
###(.######
###c##########
#........@...#
#............#
#............+
+............#
#............#
#............#
#............#
#............#


You could see a centaur.

Vanquished Creatures
  Pikel (D:7)
  The ghost of Eniamerus the Covert, a novice SpAs of Okawaru (D:6)
  A komodo dragon (D:11)
  A hippogriff (D:8)
  Sigmund (D:6)
  Grum (D:8)
  2 hungry ghosts (D:7)
  A water moccasin (D:6)
  3 orc warriors
  4 slaves (D:7)
  An ice beast (D:11)
  A sky beast (D:8)
  An eye of draining (D:11)
  A black bear (D:6)
  3 wolves (D:8)
  5 ogres
  3 centaurs
  8 bullfrogs
  A scorpion (D:8)
  5 wights (D:8)
  4 killer bees (D:8)
  A howler monkey (D:4)
  A crimson imp (D:8)
  A bullfrog zombie (D:5)
  7 orc priests
  5 hounds
  A jelly (D:6)
  9 orc wizards
  3 bullfrog skeletons
  An iguana (D:6)
  9 worker ants
  A killer bee zombie (D:6)
  2 hound skeletons
  14 gnolls
  2 howler monkey skeletons (D:5)
  11 adders
  2 shadow imps (D:7)
  An ooze (D:6)
  2 adder skeletons
  2 adder zombies
  4 dart slugs
  2 worms
  2 leopard geckos
  37 orcs
  2 bat skeletons (D:5)
  3 bat zombies (D:5)
  8 giant cockroaches
  8 goblins
  7 hobgoblins
  15 jackals
  6 quokkas
  6 ball pythons
  6 bats
  7 frilled lizards
  8 kobolds
  A leopard gecko skeleton (D:5)
  7 rats
253 creatures vanquished.

Vanquished Creatures (others)
  An orc wizard (D:6)
1 creature vanquished.

Grand Total: 254 creatures vanquished

Notes
Turn   | Place    | Note
-------+----------+-------------------------------------------
     0 | D:1      | Flanowski the Centaur Hunter began the quest for the Orb.
     0 | D:1      | Reached XP level 1. HP: 17/17 MP: 1/1
   428 | D:1      | Reached XP level 2. HP: 21/24 MP: 2/2
   588 | D:1      | Reached skill level 5 in Crossbows
  1133 | D:2      | Reached XP level 3. HP: 28/29 MP: 3/3
  1171 | D:2      | Found a hide-covered altar of Uskayaw.
  1313 | D:2      | Reached skill level 6 in Crossbows
  1428 | D:2      | You fall through a shaft for 2 floors!
  1428 | D:4      | Noticed an ogre
  1447 | D:4      | Killed an ogre
  1447 | D:4      | Reached skill level 7 in Crossbows
  1447 | D:4      | Reached XP level 4. HP: 27/36 MP: 4/4
  1447 | D:4      | Reached XP level 5. HP: 31/41 MP: 5/5
  2304 | D:2      | Found an opulent altar of Gozag.
  2414 | D:3      | Found a shadowy altar of Dithmenos.
  2641 | D:3      | Reached skill level 8 in Crossbows
  2641 | D:3      | Reached XP level 6. HP: 31/48 MP: 6/6
  3886 | D:3      | Found a snail-covered altar of Cheibriados.
  4097 | D:4      | Found a radiant altar of Vehumet.
  4102 | D:4      | Reached skill level 9 in Crossbows
  4193 | D:4      | Reached XP level 7. HP: 47/55 MP: 7/7
  4207 | D:4      | HP: 1/55 [orc wizard/puff of flame (8)]
  4688 | D:4      | Found a burning altar of Makhleb.
  4688 | D:4      | Noticed an Executioner
  4691 | D:4      | Noticed a neqoxec
  4691 | D:4      | Noticed a neqoxec
  4772 | D:4      | Found a staircase to the Ecumenical Temple.
  4783 | Temple   | Entered the Ecumenical Temple
  4889 | Temple   | Became a worshipper of Warmaster Okawaru
  5233 | D:5      | Entered Level 5 of the Dungeon
  5528 | D:5      | Reached skill level 10 in Crossbows
  5553 | D:5      | Found a hazy altar of Hepliaklqana.
  6049 | D:5      | Found an ancient bone altar of Kikubaaqudgha.
  6117 | D:6      | Noticed Sigmund
  6125 | D:6      | Killed Sigmund
  6166 | D:6      | Reached XP level 8. HP: 61/61 MP: 8/8
  6168 | D:6      | Reached skill level 11 in Crossbows
  6477 | D:6      | Reached * piety under Okawaru
  6539 | D:6      | Noticed Eniamerus's ghost (novice SpAs)
  6544 | D:6      | Killed Eniamerus's ghost
  6544 | D:6      | Reached skill level 12 in Crossbows
  6658 | D:6      | Reached ** piety under Okawaru
  7018 | D:6      | Reached skill level 13 in Crossbows
  7255 | D:7      | Found a shimmering altar of Xom.
  7322 | D:7      | Reached XP level 9. HP: 36/67 MP: 9/9
  8017 | D:7      | Found a glowing golden altar of the Shining One.
  8032 | D:7      | Reached skill level 14 in Crossbows
  8068 | D:7      | Noticed Pikel
  8234 | D:7      | Killed Pikel
  8234 | D:7      | Reached *** piety under Okawaru
  8553 | D:7      | Reached skill level 15 in Crossbows
  9040 | D:8      | Reached XP level 10. HP: 73/73 MP: 10/10
  9122 | D:8      | Reached **** piety under Okawaru
  9643 | D:8      | Received a gift from Okawaru
  9752 | D:8      | Noticed Grum
  9769 | D:8      | Reached skill level 16 in Crossbows
  9811 | D:8      | Killed Grum
 10223 | D:8      | You fall through a shaft for 3 floors!
 10534 | D:11     | Noticed Fannar
 10875 | D:10     | Entered Level 10 of the Dungeon
 10994 | D:10     | Noticed a hill giant
 11022 | D:9      | HP: 2/73 [centaur/arrow (9)]
 11029 | D:9      | Shot with an arrow by a centaur

Vault maps used:
D:1:      sevenhm_arrival_forest_fort_large_3
D:2:      old_standard_altar, marbit_many_paths
D:3:      lemuel_crystal_altar, minmay_crystal_water, lemuel_tele_altar
D:4:      makhleb_altar_promises_db, old_standard_altar
D:5:      kennysheep_vampire_church, kennysheep_mini, first_bread
D:6:      uniq_sigmund
D:7:      tso_metal_star, lemuel_crystal_altar, uniq_pikel
D:8:      uniq_grum
D:9:      chequers_temple_overflow_minitemple, erik_orc_2, hangedman_ranch
D:11:     lair_0_dummy, uniq_fannar
Temple:   minmay_temple_curvy_loop

Skill      XL: |  1  2  3  4  5  6  7  8  9 10 |
---------------+-------------------------------+-----
Crossbows      | 5 7 8 9 10 13 15 16 | 16.6
Fighting       | |  2.0
Dodging        | |  1.3
Stealth        | |  0.4

Action                   |  1- 3 |  4- 6 |  7- 9 | 10-12 || total
-------------------------+-------+-------+-------+-------++-------
Melee: Short sword       |   125 |       |       |       ||   125
       Kick              |    27 |    21 |    20 |     3 ||    71
       Flail             |       |   149 |    99 |     2 ||   250
       Hand crossbow     |       |       |       |     1 ||     1
 Fire: Hand crossbow     |    19 |    38 |   326 |   185 ||   568
  Use: Scroll            |       |       |    16 |     1 ||    17
       Potion            |       |       |       |     2 ||     2
  Eat: Chunk             |     1 |     8 |    11 |     5 ||    25
       Bread ration      |       |       |     1 |       ||     1
       Fruit             |       |       |     1 |       ||     1
Armor: Leather armour    |    53 |    65 |   119 |    52 ||   289
Dodge: Dodged            |    67 |   110 |   113 |    38 ||   328
